 Dungeon Crawl Stone Soup version 0.30-a0-743-gbfdf073431 (webtiles) character file.

Game seed: 14955905361858197597

105 Crownlay the Digger (level 4, -1/28 HPs)
             Began as an Octopode Earth Elementalist on Feb 7, 2023.
             Was an Initiate of Gozag.
             Slain by Grinder (8 damage)
             ... on level 3 of the Dungeon.
             The game lasted 00:02:47 (2854 turns).

Crownlay the Digger (Octopode Earth Elementalist)   Turns: 2854, Time: 00:02:48

Health: -1/28      AC:  1    Str:  7    XL:     4   Next: 83%
Magic:  1/7        EV: 13    Int: 19    God:    Gozag
Gold:   201        SH:  0    Dex: 18    Spells: 3/7 levels left

rFire   . . .      SeeInvis .    b - +0 mace
rCold   . . .      Faith    .    (no shield)
rNeg    . . .      Spirit   .    (helmet restricted)
rPois   .          Reflect  .    (no amulet)
rElec   .          Harm     .    g - +6 ring of dexterity
rCorr   .          Rampage  .    (no ring)
Will    .....                    (no ring)
Stlth   +++                      (no ring)
HPRegen 0.24/turn                (no ring)
MPRegen 0.10/turn                (no ring)
                                 (no ring)
                                 (no ring)

@: no status effects
A: almost no armour, amphibious, 8 rings, camouflage 1, gelatinous body 1,
(nimble swimmer 1), tentacles
a: Renounce Religion, Potion Petition, Call Merchant, Bribe Branch


You were on level 3 of the Dungeon.
You worshipped Gozag.
Gozag was aware of your devotion.
You visited 1 branch of the dungeon, and saw 3 of its levels.

You collected 238 gold pieces.
You paid 37 gold pieces to Gozag.

Inventory:

Hand Weapons
 b - a +0 mace (weapon)
Jewellery
 g - a +6 ring of dexterity (left tentacle)
Scrolls
 c - 2 scrolls of enchant armour
 e - 3 scrolls of identify
 i - a scroll of enchant weapon {unknown}
 j - a scroll of teleportation {unknown}
 k - a scroll of magic mapping {unknown}
 m - a scroll of blinking {unknown}
Potions
 a - a potion of magic
 d - a potion of attraction {unknown}
 f - a potion of degeneration {unknown}
 h - 3 potions of curing {unknown}
 l - a potion of heal wounds {unknown}


   Skills:
 + Level 1.3 Fighting
 - Level 2.0 Dodging
 - Level 2.6 Stealth
 - Level 2.0 Spellcasting
 + Level 1.4 Conjurations
 + Level 1.4 Summonings
 + Level 1.9 Transmutations
 * Level 4.0 Earth Magic


You had 3 spell levels left.
You knew the following spells:

 Your Spells              Type           Power      Damage    Failure   Level
a - Sandblast             Erth           34%        2d9       3%          1
b - Stone Arrow           Conj/Erth      24%        3d8       17%         3

Your spell library contained the following spells:

 Spells                   Type           Power      Damage    Failure   Level
 Passwall                 Tmut/Erth      10%        N/A       8%          2
 Petrify                  Tmut/Erth      13%        N/A       45%         4


Dungeon Overview and Level Annotations

Branches:
Dungeon (3/15)

Altars:
Gozag

Annotations:
D:3 Grinder


Innate Abilities, Weirdness & Mutations

You cannot wear most types of armour.
You are amphibious.
You can wear up to eight rings at the same time.
Your skin changes colour to match your surroundings (Stealth+).
Your rubbery body absorbs attacks. (AC +1, EV +1)
((You are camouflaged when in or above water. (Stealth+)))
You have tentacles for arms and can constrict up to eight enemies at once.


Message History

Confirm with . or Enter, or press ? or * to list all spells.
Aiming: Sandblast (safe; 3% risk of failure)
Press: ? - help, Shift-Dir - straight line, f/p - Grinder
Aim: Grinder (80% to hit)
The blast of sand hits Grinder!
Grinder is moderately wounded.
Grinder blinks!
Casting: Sandblast (safe; 3% risk of failure)
Confirm with . or Enter, or press ? or * to list all spells.
Aiming: Sandblast (safe; 3% risk of failure)
Press: ? - help, Shift-Dir - straight line, f/p - Grinder
Aim: Grinder (moderately wounded, 80% to hit)
The blast of sand misses Grinder.
Casting: Sandblast (safe; 3% risk of failure)
Confirm with . or Enter, or press ? or * to list all spells.
Aiming: Sandblast (safe; 3% risk of failure)
Press: ? - help, Shift-Dir - straight line, f/p - Grinder
Aim: Grinder (moderately wounded, 80% to hit)
The blast of sand hits Grinder!
Grinder is heavily wounded.
Grinder blinks!
Grinder hits you!
You writhe in agony.
You barely miss Grinder. Your grab misses Grinder.
Grinder is heavily wounded.
Grinder hits you.
* * * LOW HITPOINT WARNING * * *
You hit Grinder. You grab Grinder. You squeeze Grinder.
Grinder is heavily wounded.
You constrict Grinder, but do no damage.
Grinder completely misses you.
Casting: Sandblast (safe; 3% risk of failure)
Confirm with . or Enter, or press ? or * to list all spells.
Aiming: Sandblast (safe; 3% risk of failure)
Press: ? - help, Shift-Dir - straight line, f/p - Grinder
Aim: Grinder (heavily wounded, constricted by you, 98% to hit)
The blast of sand hits Grinder.
Grinder is severely wounded.
You constrict Grinder. Grinder hits you!
You die...
Your body crumbles into a pile of gold.

.# #.# .. #.# ...
#.# ....
##.###..$. #####
#........# #....
#5.......# #....
#@....# #....
##.#### #....
########.# #....
.....$...#######
#....
#######^.......#
###.. #.######.#
#.. #.######.# #..
#.#....#.# #.. ###
#
#.#.##.#.#######..


You could see Grinder.

Vanquished Creatures
  An orc wizard (D:3)
  2 adders (D:3)
  2 dart slugs
  4 orcs (D:3)
  5 endoplasms
  A giant cockroach (D:2)
  4 goblins
  7 hobgoblins
  2 quokkas
  10 ball pythons
  3 bats
  4 frilled lizards
  6 kobolds
  6 rats
57 creatures vanquished.

Notes
Turn   | Place    | Note
-------+----------+-------------------------------------------
     0 | D:1      | Crownlay the Octopode Earth Elementalist began the quest
                  | for the Orb.
     0 | D:1      | Reached XP level 1. HP: 11/11 MP: 3/3
   262 | D:1      | Reached XP level 2. HP: 18/18 MP: 3/5
  1313 | D:2      | Reached XP level 3. HP: 22/22 MP: 3/6
  1832 | D:3      | Reached skill level 1 in Fighting
  1832 | D:3      | Reached skill level 1 in Conjurations
  1856 | D:3      | Learned a level 3 spell: Stone Arrow
  1925 | D:3      | Found an opulent altar of Gozag.
  1951 | D:3      | Reached skill level 1 in Summonings
  1967 | D:3      | Became a worshipper of Gozag Ym Sagoz the Greedy
  2001 | D:3      | Reached XP level 4. HP: 22/28 MP: 2/7
  2821 | D:3      | Reached skill level 4 in Earth Magic
  2838 | D:3      | Noticed Grinder
  2841 | D:3      | Paralysed by Grinder for 3 turns
  2854 | D:3      | Slain by Grinder

Illustrated notes

Levels and vault maps discovered:
D:1:      minmay_arrival_checkered_box, layout_loops_ring,
          dreamdust_princess_corridor, amcnicky_mini_corridor_feature
D:2:      layout_basic, hangedman_abyss_or_decor_lesser_grid,
          minmay_split_cup_large
D:3:      layout_basic, mainiacjoe_overflow_alcove_1, saegor_snake_ambush,
          uniq_grinder, uniq_ijyb

Skill      XL: |  1  2  3  4 |
---------------+-------------+-----
Fighting       | 1 |  1.3
Conjurations   | 1 |  1.4
Summonings     | 1 |  1.4
Earth Magic    | 4 |  4.0
Dodging        | |  2.0
Stealth        | |  2.6
Spellcasting   | |  2.0
Transmutations | |  1.9

Action                     |  1- 3 |  4- 6 || total
---------------------------+-------+-------++-------
  Melee: Mace              |     2 |    12 ||    14
         Constrict         |     1 |     6 ||     7
         Tentacles         |       |     4 ||     4
   Cast: Sandblast         |    50 |    30 ||    80
    Use: Scroll            |     1 |       ||     1
 Armour: Skin              |     4 |       ||     4
  Dodge: Dodged            |    25 |    16 ||    41

Table legend: (Time is in decaauts)
 A = Elapsed time spent in this place.
 B = Non-inter-level travel time spent in this place.
 C = Inter-level travel time spent in this place.
 D = Time resting spent in this place.
 E = Time spent auto-exploring this place.
 F = Levels seen in this place.
 G = Mean time per level.
                   A        B        C        D        E       F      G
               +--------+--------+--------+--------+--------+-----+--------+
         Total |   2897 |   2830 |     67 |      0 |   2521 |   3 |  965.7 |
       Dungeon |   2897 |   2830 |     67 |      0 |   2521 |   3 |  965.7 |
               +--------+--------+--------+--------+--------+-----+--------+

Top non-repeatable levels by time:
     D:3: 1138 daAuts
     D:2: 977 daAuts
     D:1: 781 daAuts
